Match 39415611
Unlisted

Match 39415611
End
Construct Barracks
Selects Advanced Infantry Battlegroup
Riflemen Squad
Riflemen Squad
Riflemen Squad
Selects Convert to Ranger Squad
Convert to Ranger Squad
Construct Weapon Support Center
Mechanized Support Center
Convert to Ranger Squad
Engineer Squad
Improved M9 Bazooka Rockets
Convert to Ranger Squad
Salvage Crew
Selects Frontline Medical Station
Selects Infantry Assault
Selects Frontline Medical Station
Selects Ranger Weapon Training
Construct Tank Depot
M18 Hellcat Tank Destroyer
M18 Hellcat Tank Destroyer
Selects Ammunition Storage
Selects M2A1 105mm Howitzer Emplacement
AI Takeover
schnitzel
Crimson
Og du kan dø?
Hello, I'm Horny
Whitty21
Melfior
I'm Whale
Aprosarmosto
0
0

Comments sign in to comment!

No comments posted yet!